Map: Lightshade LE

Players

uwuThermal (uThermal)

  • Race: Terran Terran
  • League: Master

Reynor - Winner!

  • Race: Zerg Zerg

Event: DreamHack SC2 Masters 2021 Summer

VOD

Have the link to the VOD?

Description

Time

  • Played on: May 30, 2021, 1:06 p.m.
  • Length: 17:43

All games in this series

Show
View Real Time Build Order
Export as new Build Order

uwuThermal Terran 

Build Orders:  

Get SALT Encoding   

  12  0:00  SCV  
  13  0:12  SCV  
  14  0:17  Supply Depot  
  14  0:24  SCV  
  15  0:39  Barracks  
  15  0:49  Barracks  
  15  0:53  SCV  
  16  1:05  SCV  
  16  1:06  Refinery  
  17  1:17  SCV  
  18  1:26  Marine  
  18  1:29  SCV  
  20  1:37  Marine  
  21  1:42  Orbital Command  
  21  1:44  Marine  
  22  1:47  Supply Depot  
  22  1:55  Marine  
  23  2:09  Marine  
  23  2:13  Marine  
  23  2:14  Factory  
  25  2:16  SCV  
  26  2:27  Marine  
  26  2:28  SCV, Bunker  
  29  2:40  SCV  
  30  2:51  Supply Depot  
  29  2:52  Command Center  
  29  2:54  SCV  
  30  3:02  Starport  
  30  3:06  Factory Reactor  
  30  3:07  SCV  
  31  3:12  Refinery  
  31  3:19  SCV  
  32  3:31  SCV  
  33  3:40  Supply Depot  
  33  3:41  Medivac  
  35  3:42  Hellion  
  35  3:45  Widow Mine  
  39  3:48  Barracks Tech Lab  
  39  4:01  SCV, Marine  
  41  4:04  Hellion  
  41  4:07  Hellion  
  41  4:08  Marine, Stimpack  
  46  4:14  SCV  
  47  4:21  Orbital Command  
  47  4:26  SCV, Marine  
  49  4:32  Supply Depot  
  49  4:35  Marine x2  
  49  4:38  SCV, Medivac  
  54  4:48  SCV  
  54  4:50  SCV  
  54  4:52  Marine  
  54  4:53  Marine  
  54  4:58  Marine, Supply Depot  
  56  5:00  SCV  
  56  5:02  SCV  
  58  5:08  Medivac  
  58  5:10  Marine  
  58  5:11  Marine  
  58  5:13  SCV  
  59  5:14  SCV  
  59  5:16  Marine  
  59  5:22  Command Center  
  59  5:25  SCV  
  59  5:26  SCV  
  59  5:28  Marine  
  62  5:29  Marine  
  62  5:30  Supply Depot  
  62  5:34  Marine  
  64  5:37  SCV  
  65  5:45  Marine  
  65  5:46  Marine  
  65  5:47  Starport Reactor, Factory Reactor  
  67  5:50  Barracks  
  67  5:51  Combat Shield  
  67  5:52  Marine  
  67  5:55  SCV x2  
  70  6:03  Marine  
  71  6:04  Marine  
  71  6:06  Engineering Bay  
  71  6:07  Refinery  
  71  6:09  Marine  
  71  6:10  SCV  
  71  6:11  SCV, Engineering Bay  
  70  6:21  Marine  
  70  6:22  SCV, Marine  
  72  6:27  Marine  
  72  6:29  SCV  
  72  6:32  Barracks  
  65  6:33  Barracks  
  65  6:34  Refinery  
  65  6:37  Terran Infantry Armor Level 1, Terran Infantry Weapons Level 1  
  65  6:39  Marine  
  66  6:40  Marine  
  66  6:43  SCV  
  66  6:44  Starport Reactor  
  66  6:46  SCV  
  69  6:47  Marine x2  
  69  6:50  Widow Mine  
  69  6:51  Widow Mine, Marine  
  76  6:55  SCV  
  76  6:58  Orbital Command  
  76  6:59  SCV  
  78  7:04  Supply Depot  
  78  7:07  SCV, Marine  
  80  7:09  Marine  
  80  7:10  Marine  
  80  7:11  SCV  
  80  7:12  Marine  
  84  7:15  Marine  
  84  7:19  Widow Mine, SCV  
  84  7:20  Widow Mine  
  90  7:22  Barracks Reactor  
  90  7:23  Barracks Reactor, SCV  
  90  7:25  Marine  
  90  7:27  Marine  
  93  7:30  Supply Depot  
  93  7:31  Marine x2  
  93  7:32  Medivac  
  93  7:34  Medivac  
  93  7:36  Marine  
  100  7:41  SCV  
  100  7:43  Marine  
  100  7:44  Supply Depot  
  102  7:45  Widow Mine x2  
  102  7:46  Marine  
  102  7:50  SCV  
  108  7:51  Marine  
  108  7:52  Factory  
  108  7:55  Marine x2  
  108  7:57  SCV  
  110  7:59  Marine  
  110  8:02  Armory  
  110  8:04  SCV  
  112  8:05  Marine  
  112  8:06  Marine  
  112  8:09  Marine x2  
  112  8:10  Supply Depot  
  112  8:12  Marine x2  
  117  8:16  Widow Mine x2  
  117  8:18  Medivac  
  124  8:23  Supply Depot  
  124  8:25  SCV  
  124  8:26  Supply Depot  
  125  8:31  Marine  
  126  8:37  Factory Tech Lab, SCV  
  126  8:38  Marine  
  126  8:39  Marine, Supply Depot  
  129  8:47  Marine x2  
  129  8:51  Marine x2  
  129  8:54  SCV  
  130  8:56  Marine x2, Command Center  
  130  8:59  Widow Mine  
  130  9:01  Marine  
  130  9:02  Refinery, Marine x2  
  137  9:04  Terran Infantry Weapons Level 2  
  130  9:11  Terran Infantry Armor Level 2  
  130  9:12  Marine  
  130  9:14  Marine x2  
  130  9:16  Widow Mine, Marine x2  
  137  9:20  SCV  
  137  9:21  Marine  
  135  9:26  Marine x2  
  135  9:28  Drilling Claws, Sensor Tower  
  135  9:30  Widow Mine  
  137  9:32  Marine x2  
  137  9:34  SCV  
  138  9:40  Marine x2  
  138  9:42  Widow Mine x2  
  138  9:43  SCV  
  138  9:45  Marine x2  
  146  9:50  Marine  
  146  9:51  Marine x2  
  148  9:56  Widow Mine  
  148  9:58  Supply Depot  
  148  9:59  Marine  
  151  10:00  Supply Depot  
  151  10:02  Marine  
  151  10:04  Marine  
  151  10:06  Marine  
  154  10:12  Thor  
  154  10:13  Widow Mine  
  162  10:15  Marine  
  162  10:21  Widow Mine, Supply Depot  
  165  10:25  SCV x3  
  165  10:27  Marine x2  
  170  10:32  Marine  
  170  10:33  Marauder  
  164  10:37  SCV x2  
  164  10:38  Planetary Fortress  
  164  10:39  Marine  
  167  10:43  SCV  
  167  10:48  Missile Turret  
  167  10:49  Marine x2  
  170  10:53  SCV  
  170  10:54  Widow Mine x2, Marauder, Marine  
  178  11:03  SCV  
  179  11:05  Barracks  
  179  11:06  Barracks x2  
  179  11:15  Siege Tank  
  179  11:16  Widow Mine x2  
  183  11:32  Command Center x2  
  183  11:39  Widow Mine x2  
  187  11:40  Terran Infantry Weapons Level 3  
  187  11:44  Terran Infantry Armor Level 3  
  187  11:47  Siege Tank  
  187  11:53  Barracks Tech Lab x2  
  187  11:54  Barracks Tech Lab  
  184  12:06  Liberator x2  
  190  12:11  Fusion Core  
  190  12:12  Starport  
  190  12:13  Starport  
  187  12:20  Widow Mine x2, Marauder x3  
  187  12:21  Marauder, Concussive Shells  
  181  12:25  Command Center  
  181  12:34  Marine  
  182  12:42  Marauder  
  182  12:43  Widow Mine, Marauder x2, Siege Tank  
  182  12:44  Widow Mine  
  193  12:46  Orbital Command  
  189  12:58  Liberator x2  
  189  13:02  Refinery  
  189  13:03  Refinery  
  195  13:05  Advanced Ballistics  
  195  13:09  Command Center  
  195  13:15  Siege Tank  
  198  13:24  Liberator  
  198  13:25  Marauder, Marine  
  198  13:34  Widow Mine  
  200  13:44  Marine  
  200  13:45  Marauder  
  200  13:46  Marine  
  200  13:47  Marauder  
  196  13:51  Marine  
  196  13:52  Marauder  
  196  13:53  Widow Mine  
  193  14:01  Planetary Fortress  
  192  14:05  Marine x2  
  192  14:06  Marauder x2  
  195  14:11  Widow Mine, Siege Tank  
  187  14:22  Marine x2  
  187  14:23  Marauder x2  
  155  14:24  Widow Mine  
  155  14:25  SCV  
  155  14:26  Marine x4, Medivac x2  
  155  14:27  Marauder  
  155  14:28  SCV  
  155  14:29  SCV  
  165  14:32  Marine  
  165  14:33  Orbital Command, Marauder  
  165  14:34  SCV  
  165  14:37  Marine  
  164  14:40  Marine, Medivac x2  
  164  14:41  Marine  
  164  14:43  Siege Tank  
  164  14:44  SCV x3, Marauder x2, Marine x3  
  164  14:45  Command Center  
  183  14:48  Marauder  
  183  14:51  Marine  
  186  14:54  Marauder  
  186  14:57  Widow Mine x2  
  186  14:58  Liberator  
  195  15:04  Planetary Fortress  
  195  15:06  Marine  
  192  15:07  Marauder  
  192  15:09  Marine  
  192  15:13  Missile Turret  
  191  15:24  Liberator  
  191  15:27  Liberator  
  188  15:42  Marine, Liberator  
  158  15:43  Marauder  
  158  15:44  Marine x2  
  158  15:45  Marauder  
  158  15:46  Marauder, Marine  
  158  15:49  Marauder, Marine x2  
  164  15:51  Marine  
  164  15:52  Marine  
  159  15:59  Orbital Command  
  159  16:00  Marine  
  159  16:02  Marine  
  161  16:04  Marauder  
  161  16:07  Marine  
  163  16:15  Marine  
  160  16:18  Marine  
  160  16:21  Marine  
  160  16:24  SCV  
  157  16:27  Marine  
  137  16:34  Marine  
  137  16:35  Marauder  
  132  16:44  Liberator  
  135  16:51  Liberator  
  138  16:57  Liberator  
  135  17:08  Marine  
  123  17:15  Marine  
  123  17:16  Marine  
  123  17:19  Marine  
  124  17:24  Marine  
Show
View Real Time Build Order
Export as new Build Order

Reynor Zerg - Winner!

Build Orders: Hatch First, Lurkers 

Get SALT Encoding   

  12  0:00  Drone  
  13  0:12  Overlord  
  13  0:16  Drone  
  14  0:30  Drone x2  
  16  0:47  Hatchery  
  15  0:51  Drone  
  15  0:54  Drone  
  18  1:09  Spawning Pool  
  16  1:13  Drone  
  17  1:19  Drone  
  18  1:57  Zergling x4  
  18  1:58  Zergling x2  
  18  1:59  Queen  
  24  2:01  Zergling x2  
  23  2:09  Overlord  
  23  2:15  Zergling x2  
  24  2:21  Drone  
  25  2:24  Drone  
  26  2:30  Drone  
  27  2:37  Queen  
  27  2:40  Drone  
  27  2:42  Drone  
  31  2:47  Drone  
  32  2:51  Extractor  
  32  2:54  Queen  
  33  2:59  Overlord  
  33  3:03  Drone  
  33  3:04  Drone  
  35  3:07  Drone  
  36  3:20  Overlord  
  36  3:27  Drone x3  
  38  3:36  Drone  
  38  3:38  Drone  
  40  3:42  Hatchery  
  40  3:45  Queen  
  40  3:48  Drone  
  42  3:49  Drone  
  42  3:52  Drone  
  42  3:55  Drone  
  45  3:58  Metabolic Boost  
  45  4:00  Drone  
  46  4:05  Drone  
  46  4:06  Drone  
  46  4:08  Overlord  
  48  4:13  Queen  
  50  4:17  Drone  
  50  4:20  Drone, Baneling Nest  
  51  4:26  Queen  
  51  4:29  Drone  
  54  4:32  Zergling x6  
  54  4:35  Drone  
  58  4:41  Overlord  
  58  4:42  Drone  
  59  4:47  Drone  
  59  4:50  Drone x2  
  60  4:55  Spore Crawler  
  60  4:56  Overlord  
  60  4:57  Overlord  
  60  4:59  Queen  
  61  5:05  Drone x3  
  60  5:10  Zergling x4  
  56  5:16  Zergling x4  
  56  5:18  Drone  
  59  5:22  Drone  
  59  5:23  Drone  
  59  5:25  Drone x2  
  63  5:30  Drone, Spore Crawler  
  63  5:33  Drone  
  63  5:34  Lair  
  64  5:39  Zergling x4, Spore Crawler  
  64  5:40  Zergling x2  
  66  5:46  Drone  
  66  5:48  Drone x2  
  66  5:49  Extractor  
  68  5:52  Drone x3  
  68  5:55  Baneling x2  
  68  5:56  Baneling  
  71  5:57  Overlord  
  71  5:59  Drone  
  71  6:01  Drone  
  71  6:03  Queen  
  75  6:08  Zergling x8  
  79  6:12  Baneling x2  
  79  6:16  Zergling x2  
  79  6:17  Zergling x8  
  79  6:21  Zergling x8  
  73  6:29  Drone x2  
  73  6:30  Queen  
  74  6:33  Centrifical Hooks  
  74  6:36  Zergling x2  
  74  6:37  Drone  
  74  6:38  Drone, Queen  
  79  6:40  Drone  
  79  6:43  Baneling x2  
  79  6:44  Zergling x6  
  79  6:46  Zergling x4  
  85  6:49  Zergling x2  
  85  6:50  Zergling x4  
  85  6:51  Zergling x2  
  89  7:00  Drone  
  89  7:05  Evolution Chamber, Overlord  
  89  7:06  Drone  
  89  7:08  Overlord  
  89  7:11  Hatchery  
  89  7:12  Baneling x6  
  89  7:14  Drone  
  89  7:19  Extractor x2, Drone x2  
  89  7:20  Overlord  
  89  7:23  Drone x2  
  89  7:24  Drone x2  
  89  7:25  Drone  
  89  7:26  Drone  
  89  7:29  Zergling x2, Evolution Chamber  
  95  7:33  Zergling x4  
  95  7:34  Zergling x2  
  98  7:37  Zergling x4  
  98  7:39  Zergling x8  
  98  7:42  Zerg Ground Armor Level 1  
  104  7:46  Baneling, Zergling x6  
  104  7:47  Zergling x2  
  108  7:55  Drone  
  108  7:56  Drone x3  
  108  7:57  Zerg Melee Weapons Level 1, Overlord  
  111  8:04  Overlord  
  111  8:06  Zergling x4  
  111  8:09  Overlord  
  111  8:10  Overseer  
  113  8:18  Drone x2  
  113  8:19  Drone x6  
  121  8:22  Overlord  
  121  8:23  Zergling x4  
  123  8:29  Zergling x2  
  123  8:33  Baneling x8  
  124  8:34  Zergling x6  
  124  8:35  Baneling  
  124  8:36  Baneling x7, Zergling x8  
  124  8:40  Overseer  
  131  8:41  Zergling x2  
  131  8:43  Overlord  
  131  8:45  Zergling x4  
  131  8:47  Overlord  
  133  8:48  Zergling x4  
  133  8:53  Drone x5  
  140  8:59  Queen  
  135  9:06  Zergling x18  
  135  9:08  Zergling x2  
  134  9:11  Zergling x2  
  134  9:14  Zergling x4  
  125  9:19  Zergling x2  
  125  9:23  Zergling x2  
  126  9:25  Baneling x8  
  126  9:26  Zergling x4  
  126  9:30  Zergling x8  
  132  9:34  Overlord  
  132  9:36  Zergling x8  
  136  9:40  Zergling x4  
  136  9:41  Pneumatized Carapace  
  136  9:43  Baneling x9  
  136  9:46  Overlord  
  136  9:50  Zerg Ground Armor Level 2  
  135  9:52  Drone  
  135  9:53  Drone, Queen  
  135  9:54  Drone x3  
  135  9:57  Zergling x4, Spore Crawler  
  135  9:59  Overlord  
  142  10:04  Overlord  
  142  10:05  Drone, Hatchery  
  142  10:08  Extractor, Zergling x6  
  142  10:09  Infestation Pit  
  142  10:10  Drone x2  
  142  10:11  Drone  
  146  10:15  Zergling x6  
  146  10:18  Zergling x4  
  151  10:23  Zergling x10  
  151  10:24  Zergling x2  
  157  10:29  Zergling x4  
  157  10:30  Zergling x2  
  157  10:34  Zergling x10  
  157  10:35  Zergling x2  
  163  10:36  Baneling x7  
  163  10:41  Zergling x2  
  163  10:49  Zergling x6  
  164  10:53  Hive  
  164  10:54  Hatchery  
  163  10:59  Drone x3  
  163  11:00  Drone x4, Extractor  
  163  11:01  Extractor, Drone  
  163  11:02  Extractor  
  163  11:04  Hydralisk Den  
  168  11:07  Zergling x10  
  168  11:10  Zerg Melee Weapons Level 2  
  170  11:13  Drone  
  170  11:16  Overlord  
  170  11:23  Hatchery  
  169  11:25  Spore Crawler  
  168  11:34  Overlord  
  168  11:35  Hatchery  
  167  11:41  Drone x3  
  167  11:42  Hydralisk x4  
  167  11:43  Lurker Den, Zergling x16  
  186  11:51  Overlord  
  186  11:53  Baneling x7  
  180  12:02  Zergling x12  
  180  12:03  Zergling x10  
  180  12:07  Hydralisk x3  
  180  12:08  Zergling x6  
  195  12:12  Drone x2  
  195  12:14  Zergling x4  
  195  12:17  Zergling x4  
  195  12:20  Hatchery  
  176  12:24  Zerg Missile Weapons Level 1  
  176  12:30  Hydralisk x2, Muscular Augments  
  176  12:31  Zergling x8  
  184  12:41  Lurker x2  
  184  12:43  Lurker x5  
  190  12:44  Seismic Spines  
  190  12:45  Drone x8  
  190  12:48  Zergling x2  
  190  12:50  Zergling x2  
  196  12:53  Zergling x2  
  196  12:54  Zergling x4  
  196  12:56  Baneling  
  196  12:57  Baneling x3, Zergling x10  
  197  12:59  Adrenal Glands  
  197  13:00  Hydralisk  
  197  13:01  Zergling x2  
  200  13:11  Overlord  
  200  13:12  Spore Crawler  
  199  13:13  Drone x2, Spore Crawler  
  199  13:20  Overlord  
  199  13:25  Zergling x2  
  199  13:26  Zergling x14  
  192  13:30  Spore Crawler  
  192  13:32  Hydralisk x3  
  192  13:33  Zergling x4  
  199  13:47  Hydralisk x3  
  199  13:48  Zergling x16  
  189  13:50  Hydralisk  
  189  13:51  Zergling x2  
  186  14:02  Hydralisk x2  
  186  14:03  Zergling x18  
  186  14:05  Zergling x2  
  186  14:07  Hydralisk  
  197  14:10  Zergling x8  
  197  14:12  Zergling x6  
  196  14:19  Hydralisk  
  196  14:20  Hydralisk, Zergling x6  
  196  14:21  Zergling x4  
  196  14:22  Hydralisk x2, Zergling x2  
  196  14:23  Hydralisk  
  179  14:34  Viper x3  
  179  14:36  Drone x5  
  179  14:37  Queen  
  179  14:38  Overseer  
  192  14:40  Drone x2  
  192  14:42  Spore Crawler  
  192  14:43  Adaptive Talons  
  192  14:44  Baneling x3  
  192  14:45  Lurker x5  
  198  14:46  Drone x2  
  191  14:53  Hydralisk, Zergling x2  
  191  14:54  Zergling x10  
  199  15:03  Lurker  
  199  15:05  Extractor  
  199  15:06  Extractor  
  197  15:11  Hydralisk, Zergling x2  
  193  15:26  Hydralisk x2  
  193  15:27  Zergling x16  
  192  15:36  Zergling x8  
  192  15:37  Zergling x12  
  192  15:39  Zergling x2  
  192  15:40  Zergling x8  
  193  15:48  Hydralisk  
  193  15:49  Zergling x8  
  192  15:50  Zergling x4  
  192  15:51  Lurker x2  
  192  15:56  Zergling x12  
  191  15:59  Hydralisk  
  191  16:03  Hatchery, Baneling x3  
  192  16:04  Hydralisk, Lurker  
  192  16:05  Zergling x2, Lurker  
  197  16:11  Zergling x4  
  197  16:14  Zergling x2  
  197  16:15  Zergling x2  
  197  16:23  Hatchery  
  183  16:30  Zergling x18  
  183  16:31  Hydralisk  
  183  16:34  Zergling x2  
  183  16:38  Zergling x2  
  182  16:45  Viper x2  
  188  16:49  Zergling x14  
  188  16:53  Hydralisk  
  198  16:54  Zergling x6  
  198  16:57  Zergling x2  
  190  17:03  Hydralisk  
  190  17:04  Zergling x4  
  190  17:07  Zergling x2, Lurker  
  190  17:08  Lurker x2  
  180  17:13  Hydralisk, Zergling x2  
  180  17:14  Zergling x6  
  184  17:22  Zergling x4  
  184  17:23  Zergling x2  
  184  17:26  Hatchery  
Tags
 
Add a new tag
Caveats
  • Supply blocks, unpowered buildings, or Contaminate may cause inaccurate times.
  • Supply counts are checked every 10 seconds.